Description

This build order can be done with a standard Gate Expand in PvT (in the video, I use the zealot / stalker pressure). As soon as you have your expand, you start your do a fast robotic (like a standard robo + 2 gates) and you add your twilight council to do the charge + 6 gates. You will push with 4/5 stalkers, 1/2 sentries, 1 immortal and mass chargelot at around 5,30.

This replay comes from a ladder game.

The first pressure is totally optional. I only do it if my opponent doesn't scout me. Your timing will be delay but you can simply win the game with the push (https://www.youtube.com/watch?v=3-b68HGNeRc) Notes :

  • Don't make to much stalker: You only to do them if there is a banshee or liberator playstyle
  • Don't take your gas on your natural
  • If you fear about the banshee pressure : 1 shield battery in each base is great
  • Don't use this build order against a mass mine playstyle
  • Try to go out before the 6 min mark: It's the best timing
  • If the opponent stay in defense after your pressure: Just go back to the macro game

VOD

https://youtu.be/bUjMOnzO0tQ

Replay - Kairos Junction LE (82)

Build Order

Get SALT Encoding   

  12  0:01  Probe  
  13  0:13  Probe  
  14  0:18  Pylon  
  14  0:21  Probe  
  15  0:32  Probe  
  15  0:39  Gateway  
  16  0:43  Probe  
  16  0:48  Assimilator  
  17  0:55  Probe  
  18  1:07  Probe  
  19  1:15  Pylon  
  19  1:17  Zealot  
  19  1:19  Probe  
  20  1:26  Cybernetics Core  
  20  1:32  Probe  
  23  1:44  Probe  
  24  1:57  Stalker  
  26  2:23  Nexus  
  26  2:27  Stalker  
  26  2:28  Warp Gate  
  28  2:31  Pylon  
  30  2:53  Assimilator  
  30  2:57  Stalker  
  33  3:09  Robotics Facility  
  33  3:13  Gateway  
  35  3:47  Immortal  
  35  3:50  Twilight Council  
  42  4:03  Charge  
  45  4:17  Gateway  
  45  4:23  Gateway  
  46  4:25  Stalker  
  46  4:29  Sentry  
  51  4:39  Warp Prism  
  51  4:41  Pylon  
  53  4:49  Gateway  
  53  4:53  Pylon  
  53  5:00  Gateway x2  
  53  5:04  Sentry  
  55  5:08  Stalker  
  55  5:13  Zealot  
  59  5:23  Zealot  
  59  5:28  Zealot x2  
  63  5:35  Zealot  
  67  5:53  Zealot x4  
  67  5:56  Observer  
  64  6:21  Stalker x2  
  86  6:52  Nexus  
  80  7:21  Stalker x3  
Spawning Tool Build Advisor. Get it on Overwolf

Go to:

Details

  • Created by: zuka      
  • Published on: Mar 25, 2019
  • Modified on: Mar 27, 2019
  • Patch: 4.7.1
Show
View Real Time Build Order
Export as new Build Order

Comments (0)

There are no comments. Be the first!

Create an account to comment!